 Dungeon Crawl Stone Soup version 0.29.0-4-gdea44cf6ec (webtiles) character file.

Game seed: 5023491555378259766

38 qw the Sneak (level 3, -23/23 HPs)
             Began as a Gargoyle Delver on Sept 10, 2022.
             Annihilated by an ogre
             ... wielding a +0 giant spiked club
              (31 damage)
             ... on level 5 of the Dungeon.
             The game lasted 00:00:08 (154 turns).

qw the Sneak (Gargoyle Delver)                       Turns: 154, Time: 00:00:08

Health: -23/23     AC:  6    Str: 17    XL:     3   Next: 43%
Magic:  3/3        EV: 11    Int: 10    God:
Gold:   0          SH:  0    Dex: 11    Spells: 2/2 levels left

rFire   . . .      SeeInvis .   a - +0 hand axe
rCold   . . .      Faith    .   (no shield)
rNeg    + . .      Spirit   .   b - +0 leather armour
rPois   inf        Reflect  .   (no helmet)
rElec   +          Harm     .   (no cloak)
rCorr   .          Rampage  .   (no gloves)
Will    .....                   (no boots)
Stlth   +++.......              (no amulet)
HPRegen 0.07/turn               (no ring)
MPRegen 0.08/turn               (no ring)

@: no status effects
A: sickness immunity, AC +3, negative energy resistance 1, electricity
resistance, torment resistance 1, petrification resistance
a: no special abilities


You were on level 5 of the Dungeon.
You visited 1 branch of the dungeon, and saw 1 of its levels.


Innate Abilities, Weirdness & Mutations

You are immune to sickness and miasma.
Your stone body is resilient. (AC +3)
You are immune to poison.
You resist negative energy. (rN+)
You are resistant to electric shocks. (rElec)
You are resistant to unholy torment.
You are immune to petrification.


   Skills:
 - Level 3.2 Fighting
 + Level 3.4 Axes
 - Level 1.5 Dodging
 - Level 5.4 Stealth


You had 2 spell levels left.
You didn't know any spells.
Your spell library was empty.

Inventory:

Hand Weapons
 a - a +0 hand axe (weapon)
 h - a +0 club
 i - a +0 flail of holy wrath
Armour
 b - a +0 leather armour (worn)
 j - a +0 ring mail
Wands
 g - a wand of digging (3)
Scrolls
 c - a scroll of fog
 d - a scroll of magic mapping
 e - a scroll of fear
Potions
 f - a potion of haste

Dungeon Overview and Level Annotations

Branches:
Dungeon (5/15)
 Temple: D:4-7

Altars:


Message History

The orc is severely wounded.
The orc closely misses you.
You hit the orc.
You kill the orc!
You start resting.
An orc priest comes into view. It is wielding a +0 dagger.
135 ||| Stepping ~*~*~tactically~*~*~ (stealth).
h - a +0 club;
i - a +0 flail of holy wrath;
j - a +0 ring mail You see here an orc corpse.
You start resting.
An orc is nearby!
139 ||| Stepping ~*~*~tactically~*~*~ (stealth).
You see here a dart slug corpse.
You start resting.
An orc is nearby!
You start resting.
An orc priest is nearby!
You see here an orc corpse.
You closely miss the orc priest.
The orc priest shouts!
The ogre shouts!
You hear a shout!
The orc priest closely misses you.
You hit the orc priest.
The orc priest is moderately wounded.
The orc priest hits you but does no damage.
You hit the orc priest.
The orc priest is heavily wounded.
The orc priest hits you with a +0 dagger.
You barely miss the orc priest.
The orc priest is heavily wounded.
You hit the ogre but do no damage.
The orc priest hits you but does no damage.
The ogre closely misses you.
You hit the orc priest.
The orc priest is heavily wounded.
You hit the ogre.
The orc priest hits you with a +0 dagger.
The ogre hits you with a +0 giant spiked club!!
Ouch! That really hurt!
You die...

......... +o...o.>..#
#.......... .
#.........# ..
#..o......# ...###
#......... ......
....# +.#
......####)####.#
#(%@oo...(##
#.O##.##..#
#.#.#.#.#.#
#.##...##.####
.(...(...(...#
##...#.##...##.##.#
.....#.#.#.#.#.##.###
.....#..##.##..#.)..#
.....#(...(...(#....#


You could see an ogre, an orc priest and an orc.

Vanquished Creatures
  A hound (D:5)
  A dart slug (D:5)
  3 orcs (D:5)
5 creatures vanquished.

Notes
Turn   | Place    | Note
-------+----------+-------------------------------------------
     0 | D:5      | qw the Gargoyle Delver began the quest for the Orb.
     0 | D:5      | Reached XP level 1. HP: 14/14 MP: 1/1
     0 | D:5      | 0 ||| qw: Version: 0.1-a-116-g5d60599
     0 | D:5      | 0 ||| qw: Game counter: 7988
     0 | D:5      | 0 ||| qw: Always use a shield: true
     0 | D:5      | 0 ||| qw: God list: Okawaru
     0 | D:5      | 0 ||| qw: Allow faded altars: false
     0 | D:5      | 0 ||| qw: Do Orc after D:15 true
     0 | D:5      | 0 ||| qw: Do second Lair branch before Depths: true
     0 | D:5      | 0 ||| qw: Lair rune preference: random
     0 | D:5      | 0 ||| qw: Plans: Normal
     0 | D:5      | 0 ||| PLANNING D:1-11
    28 | D:5      | Noticed a hound
    29 | D:5      | 29 ||| Stepping ~*~*~tactically~*~*~ (hiding).
    60 | D:5      | 60 ||| Stepping ~*~*~tactically~*~*~ (stealth).
    64 | D:5      | 64 ||| Stepping ~*~*~tactically~*~*~ (stealth).
    80 | D:5      | Killed a hound
    81 | D:5      | Reached skill level 3 in Axes
    81 | D:5      | Reached XP level 2. HP: 16/19 MP: 2/2
    81 | D:5      | Reached XP level 3. HP: 20/23 MP: 3/3
    81 | D:5      | Noticed an ogre
    83 | D:5      | 83 ||| Stepping ~*~*~tactically~*~*~ (stealth).
    86 | D:5      | 86 ||| Stepping ~*~*~tactically~*~*~ (stealth).
   105 | D:5      | 105 ||| Stepping ~*~*~tactically~*~*~ (stealth).
   111 | D:5      | 111 ||| Stepping ~*~*~tactically~*~*~ (stealth).
   135 | D:5      | 135 ||| Stepping ~*~*~tactically~*~*~ (stealth).
   139 | D:5      | 139 ||| Stepping ~*~*~tactically~*~*~ (stealth).
   154 | D:5      | Annihilated by an ogre

Levels and vault maps discovered:
D:5:      layout_basic, mainiacjoe_overflow_small_starburst,
          roderic_three_in_a_row, eino_curves_01, serial_park_tiny_pond,
          hangedman_minor_gate_pass

Skill      XL: |  1 |
---------------+----+-----
Axes           | 3 |  3.4
Fighting       | |  3.2
Dodging        | |  1.5
Stealth        | |  5.4

Action                   || total
-------------------------++-------
Melee: Hand axe          ||    30
Armor: Leather armour    ||     8
Dodge: Dodged            ||    20

Table legend:
 A = Non-vault XP
 B = Vault XP
 C = Vault XP percentage of total XP
 D = Non-vault monster count
 E = Vault monster count
 F = Vault count percentage of total count
                 A         B        C        D         E       F
            +---------+---------+-------+---------+---------+-------
      Total |      55 |       0 |   0.0 |       5 |       0 |   0.0
            +---------+---------+-------+---------+---------+-------
        D:5 |      55 |       0 |   0.0 |       5 |       0 |   0.0
            +---------+---------+-------+---------+---------+-------
